 Dungeon Crawl Stone Soup version 0.18.1-50-g88ac8fd (webtiles) character file.

13172 Gargoyl the Protected (level 11, 0/84 HPs)
             Began as a Demonspawn Abyssal Knight on Oct 29, 2016.
             Was an Elder of Lugonu.
             Slain by a giant frog (1 damage)
             ... on level 1 of the Lair of Beasts.
             The game lasted 00:36:10 (19279 turns).

Gargoyl the Protected (Demonspawn Abyssal Knight)  Turns: 19279, Time: 00:36:11

Health: 0/84       AC: 20    Str: 20    XL:     11   Next: 72%
Magic:  17/17      EV:  2    Int: 14    God:    Lugonu [****..]
Gold:   403        SH:  0    Dex: 13    Spells: 0 memorised, 10 levels left

rFire  . . .     SeeInvis +     p - +3 war axe
rCold  + . .     Gourm    .     d - +1 plate armour
rNeg   + + +     Faith    .     B - +0 shield
rPois  ∞         Spirit   .     o - +2 helmet
rElec  .         Dismiss  .     e - +0 cloak {+Inv}
rCorr  +         Reflect  .     (no gloves)
SustAt .         Harm     .     (no boots)
MR     .....                    (no amulet)
Stlth  ..........               h - ring of see invisible
                                n - +5 ring of strength

@: petrified, not resistant to hostile enchantments, extremely unstealthy
A: claws 1, talons 1, yellow scales 3, blink, cold resistance 1, deformed body,
demonic guardian 1, low mp 1, evolution 1, rot immunity
a: Blink, Depart the Abyss, Bend Space, Banish, Corrupt, Renounce Religion,
Evoke Invisibility


You were on level 1 of the Lair of Beasts.
You worshipped Lugonu.
Lugonu was greatly pleased with you.
You were not hungry.

You visited 2 branches of the dungeon, and saw 11 of its levels.
You visited the Abyss 1 time.
You also visited: Sewer.

You collected 630 gold pieces.
You spent 227 gold pieces at shops.

Inventory:

Hand Weapons
 p - a +3 war axe (weapon)
 s - a +0 war axe
Missiles
 x - 16 tomahawks (quivered)
Armour
 d - a +1 plate armour (worn)
 e - a +0 cloak of invisibility (worn)
 o - a +2 helmet (worn)
 B - a +0 shield (worn)
Jewellery
 h - a ring of see invisible (right claw)
 n - a +5 ring of strength (left claw)
 A - an uncursed ring of flight
 H - an uncursed ring of sustain attributes
Wands
 r - a wand of paralysis (16/24)
 y - a wand of lightning (5/15)
 z - a wand of disintegration (16/24)
 F - a wand of iceblast (7/15)
Scrolls
 a - 2 scrolls of recharging
 f - a scroll of teleportation
 j - a scroll of remove curse
 w - 2 scrolls of fear
 C - a scroll of fog
 D - a scroll of blinking
Potions
 b - a potion of curing
 g - 2 potions of flight
 k - a potion of magic
 l - a potion of brilliance
 q - a potion of invisibility
Comestibles
 c - 5 bread rations
 i - a beef jerky
 m - 7 fruits
 t - a royal jelly


   Skills:
 + Level 7.6 Fighting
   Level 3.0 Long Blades
 + Level 7.3 Axes
 * Level 11.2 Armour
 + Level 2.5 Dodging
 + Level 3.3 Shields
 * Level 11.0 Invocations


You had 10 spell levels left.
You didn't know any spells.

Dungeon Overview and Level Annotations

Branches:
Dungeon (10/15)            Temple (0/1) D:4            Lair (1/8) D:9
    Orc: D:9-12

Altars:
Cheibriados
Dithmenos
Fedhas
Gozag
Vehumet
Xom
Yredelemnul
Zin
The Shining One

Shops:
D:4 (   D:5 [   D:6 ?


Innate Abilities, Weirdness & Mutations

You have sharp toenails.
You are completely covered in yellow scales (AC +4, rCorr).
A weak demonic guardian rushes to your aid.
You are immune to rotting.
You have sharp fingernails.
You can translocate small distances at will.
Your flesh is cold resistant.
Armour fits poorly on your strangely shaped body.
Your magical capacity is low (-10% MP).
You evolve.


Message History

You have turned to stone.
The giant frog completely misses you.
The basilisk bites you but does no damage.
The spiny frog stings you.
* * * LOW HITPOINT WARNING * * *
The giant frog hits you but does no damage.
The basilisk bites you but does no damage.
The giant frog hits you.
The spiny frog stings you but does no damage.
Your white imp hits the basilisk.
Your white imp freezes the basilisk.
The basilisk seems to slow down.
Your crimson imp blinks!
The giant frog hits you.
* * * LOW HITPOINT WARNING * * *
The spiny frog stings you!
* * * LOW HITPOINT WARNING * * *
The basilisk bites you.
* * * LOW HITPOINT WARNING * * *
The giant frog hits you.
You die...

......# ......###
....P...## .........# ##
>........# ..##
.....#..## .....
..).....# #### ##.....
........#####..##F......
.....##..##.....@F......
.....#..####..5.l5......
.....P...##.....%.......
........................
........................
.........>..............
...............#........
........................
.....##...(........##.#


You could see a spiny frog, a basilisk, a giant frog, a friendly crimson imp and
a friendly white imp.

Vanquished Creatures
  Pikel (D:5)
  Maurice (D:10)
  2 centaur zombies (D:10)
  Joseph (Lair:1)
  A komodo dragon (D:9)
  A spiny frog (Lair:1)
  3 trolls
  11 yaks
  A wyvern (D:9)
  2 hippogriffs
  A hungry ghost (D:8)
  2 steam dragons (D:5)
  2 porcupines
  4 sky beasts
  3 slaves (D:5)
  4 orc warriors
  3 ice beasts
  4 phantoms
  A wasp (D:9)
  10 ogres
  An eye of draining (D:9)
  2 crocodiles (Lair:1)
  3 centaurs
  A big kobold (D:8)
  6 giant frogs
  2 scorpions
  A wyvern skeleton (D:10)
  12 killer bees
  3 wights (D:6)
  A howler monkey (D:8)
  9 crimson imps
  A giant frog zombie (D:5)
  2 quasits
  2 orc priests
  A gnoll shaman (D:8)
  9 hounds
  5 jellies
  15 orc wizards
  A centaur skeleton (D:8)
  Ijyb (D:3)
  3 iguanas
  12 worker ants
  A hound zombie (D:7)
  A hound skeleton (D:6)
  A howler monkey zombie (D:10)
  2 worker ant zombies
  3 gnolls (D:8)
  A howler monkey skeleton (D:7)
  5 river rats
  14 adders
  2 shadow imps (D:6)
  2 oozes (Sewer)
  3 adder skeletons
  2 adder zombies
  4 worms
  4 dart slugs
  3 giant geckos
  48 orcs
  11 bats
  10 giant cockroaches
  8 goblins
  4 hobgoblins
  23 jackals
  7 kobolds
  7 quokkas
  15 ball pythons
  10 giant newts
  A goblin zombie (D:8)
  2 quokka skeletons (D:7)
  37 rats
  A rat zombie (D:8)
  A fungus (D:5)
384 creatures vanquished.

Vanquished Creatures (collateral kills)
  Urug (D:9)
  An orc warrior (D:9)
  A crocodile (Lair:1)
  A giant frog (Lair:1)
  An iguana (Lair:1)
  A jackal (D:7)
  A giant gecko zombie (D:8)
7 creatures vanquished.

Vanquished Creatures (others)
  A hydra (Lair:1)
  2 death yaks
  A komodo dragon (Lair:1)
  An ogre (D:4)
  A scorpion (D:4)
  2 crimson imps (D:9)
  A hound (D:4)
  An orc wizard (D:8)
  An orc (D:4)
  A quokka (D:4)
  A jackal skeleton (D:4)
13 creatures vanquished.

Grand Total: 404 creatures vanquished

Notes
Turn   | Place    | Note
--------------------------------------------------------------
     0 | Abyss:1  | Gargoyl the Demonspawn Abyssal Knight began the quest for the Orb.
     0 | Abyss:1  | Reached XP level 1. HP: 18/18 MP: 2/2
    82 | Abyss:4  | Noticed a thrashing horror
    86 | Abyss:4  | Noticed a thrashing horror
    88 | D:1      | Escaped the Abyss
   248 | D:1      | Gained mutation: You are partially covered in yellow scales (AC +2). [demonic ancestry]
   248 | D:1      | Reached XP level 2. HP: 13/24 MP: 4/4
   760 | D:1      | Reached * piety under Lugonu
  1002 | D:1      | Reached XP level 3. HP: 28/29 MP: 5/5
  1883 | D:2      | Reached ** piety under Lugonu
  2215 | D:3      | Gained mutation: You have sharp toenails. [demonic ancestry]
  2215 | D:3      | Reached XP level 4. HP: 35/36 MP: 6/6
  2334 | D:3      | Noticed Ijyb
  2377 | D:3      | Killed Ijyb
  2613 | D:3      | Found a basalt altar of Yredelemnul.
  2623 | D:3      | Reached XP level 5. HP: 41/42 MP: 7/7
  2868 | D:3      | Reached *** piety under Lugonu
  2876 | D:3      | Found a glowing drain.
  2883 | Sewer    | Entered a sewer
  3376 | Sewer    | Reached **** piety under Lugonu
  3741 | Sewer    | Gained mutation: You are mostly covered in yellow scales (AC +3). [demonic ancestry]
  3741 | Sewer    | Reached XP level 6. HP: 31/48 MP: 9/9
  3772 | Sewer    | Reached skill level 1 in Dodging
  4605 | D:4      | Found a shimmering altar of Xom.
  4653 | D:4      | Found a staircase to the Ecumenical Temple.
  4698 | D:4      | Reached XP level 7. HP: 55/55 MP: 10/10
  4946 | D:4      | Found an opulent altar of Gozag.
  4992 | D:4      | Reached skill level 5 in Armour
  4992 | D:4      | Reached skill level 5 in Invocations
  5122 | D:4      | Found Giuwag's Antique Weapon Shoppe.
  5130 | D:4      | Bought a war axe for 112 gold pieces
  5561 | D:5      | Entered Level 5 of the Dungeon
  5582 | D:5      | Noticed a steam dragon
  5584 | D:5      | Noticed a steam dragon
  5599 | D:5      | Killed a steam dragon
  5612 | D:5      | Killed a steam dragon
  5612 | D:5      | Reached skill level 5 in Fighting
  5612 | D:5      | Reached XP level 8. HP: 23/62 MP: 12/12
  5905 | D:5      | Found Zocelepsairi's Armour Boutique.
  5952 | D:5      | HP: 3/62 [orc priest/divine providence (9)]
  6355 | D:5      | Noticed Pikel
  6461 | D:5      | Killed Pikel
  6461 | D:5      | Reached skill level 5 in Axes
  6623 | D:5      | Reached ***** piety under Lugonu
  7181 | D:6      | Gained mutation: You are immune to rotting. [demonic ancestry]
  7181 | D:6      | Reached XP level 9. HP: 67/69 MP: 13/13
  7319 | D:6      | Found Moaraz's Magic Scroll Boutique.
  7322 | D:6      | Bought a scroll of enchant weapon for 82 gold pieces
  7322 | D:6      | Bought a scroll of teleportation for 33 gold pieces
  7376 | D:6      | Found a glowing golden altar of the Shining One.
  7900 | D:7      | You fall through a shaft for 2 floors!
  7900 | D:9      | Found a glowing silver altar of Zin.
  8293 | D:9      | Noticed a troll
  8306 | D:9      | Killed a troll
  9189 | D:8      | Got a twisted great sword
  9194 | D:8      | Identified the +0 great sword "Lonocw" {flame, *Drain rElec rN+ Str+3} (You found it on level 8 of the Dungeon)
 10044 | D:8      | Reached skill level 1 in Long Blades
 10889 | D:7      | Gained mutation: A weak demonic guardian rushes to your aid. [demonic ancestry]
 10889 | D:7      | Reached XP level 10. HP: 66/77 MP: 16/16
 10956 | D:7      | Found a snail-covered altar of Cheibriados.
 10956 | D:7      | Found a glowing golden altar of the Shining One.
 11418 | D:7      | Found a radiant altar of Vehumet.
 11870 | D:8      | Found a blossoming altar of Fedhas.
 11887 | D:8      | Reached ****** piety under Lugonu
 13025 | D:9      | Found a staircase to the Lair.
 13291 | D:9      | HP: 5/118 [poisoned by a killer bee]
 13296 | D:9      | HP: 3/79 [poisoned by a killer bee]
 13301 | D:9      | HP: 1/79 [poisoned by a killer bee]
 13306 | D:9      | HP: 1/79 [poisoned by a killer bee]
 13312 | D:9      | HP: 1/79 [poisoned by a killer bee]
 13836 | D:9      | Reached skill level 1 in Shields
 14242 | D:9      | Found a shadowy altar of Dithmenos.
 14411 | D:10     | Entered Level 10 of the Dungeon
 14411 | D:10     | Noticed Urug
 14556 | D:9      | Killed Urug
 14556 | D:9      | Reached skill level 10 in Armour
 15023 | D:10     | Gained mutation: You are completely covered in yellow scales (AC +4, rCorr). [demonic ancestry]
 15023 | D:10     | Reached XP level 11. HP: 63/84 MP: 18/18
 15273 | D:10     | Gained mutation: You have sharp fingernails. [mutagenic meat]
 15274 | D:10     | Gained mutation: Your magical capacity is low (-10% MP). [mutagenic meat]
 15275 | D:10     | Gained mutation: You evolve. [mutagenic meat]
 15276 | D:10     | Gained mutation: Armour fits poorly on your strangely shaped body. [mutagenic meat]
 15277 | D:10     | Gained mutation: You can translocate small distances at will. [mutagenic meat]
 15514 | D:10     | Noticed Maurice
 15572 | D:10     | Killed Maurice
 16597 | Lair:1   | Entered Level 1 of the Lair of Beasts
 16597 | Lair:1   | Noticed Joseph
 16599 | Lair:1   | Noticed a death yak
 16602 | Lair:1   | Noticed a death yak
 17000 | Lair:1   | Noticed a death yak
 17006 | D:9      | Banished a death yak
 17007 | D:9      | HP: 4/84 [yak (9)]
 17218 | D:8      | Gained mutation: Your flesh is cold resistant. [evolution]
 17438 | D:9      | Banished a death yak
 17438 | D:9      | Reached skill level 10 in Invocations
 18021 | Lair:1   | Banished a death yak
 18037 | Lair:1   | Killed Joseph
 18900 | Lair:1   | Noticed a four-headed hydra
 18905 | Lair:1   | Banished a four-headed hydra
 19279 | Lair:1   | HP: 4/84 [spiny frog (5)]
 19279 | Lair:1   | HP: 1/84 [basilisk (3)]
 19279 | Lair:1   | Slain by a giant frog

Skill      XL: |  1  2  3  4  5  6  7  8  9 10 11 |
---------------+----------------------------------+-----
Axes           | 2 3 4 5 6 7 |  7.3
Armour         | 2 3 4 5 7 8 10 11 | 11.2
Invocations    | 3 4 5 6 8 9 11 | 11.0
Fighting       | 4 5 6 7 |  7.6
Dodging        | 1 2 |  2.5
Long Blades    | 1 3 |  3.0
Shields        | 2 3 |  3.3

Action                   |  1- 3 |  4- 6 |  7- 9 | 10-12 || total
-------------------------+-------+-------+-------+-------++-------
Melee: Hand axe          |   165 |    42 |       |       ||   207
       War axe           |       |   269 |   420 |   488 ||  1177
       Kick              |       |    61 |   174 |   191 ||   426
       Unarmed           |       |       |     4 |       ||     4
       Great sword       |       |       |   155 |   155 ||   310
Throw: Tomahawk          |       |       |     1 |       ||     1
Invok: Depart the Abyss  |     1 |       |       |       ||     1
       Bend Space        |       |       |     1 |       ||     1
       Banish            |       |       |       |    16 ||    16
  Use: Scroll            |     5 |     6 |    25 |     5 ||    41
       Potion            |     1 |     4 |     9 |     7 ||    21
 Stab: Invisible         |       |       |     3 |       ||     3
       Distracted        |       |       |       |     1 ||     1
  Eat: Chunk             |     4 |     9 |    17 |    23 ||    53
       Bread ration      |       |       |     1 |       ||     1
       Fruit             |       |       |       |    11 ||    11
       Meat ration       |       |       |       |     2 ||     2
       Beef jerky        |       |       |       |     2 ||     2
Armor: Plate armour      |   221 |   444 |   539 |   631 ||  1835
Dodge: Dodged            |    39 |    78 |   305 |   213 ||   635
Block: Shield            |       |       |       |   279 ||   279
